 Dungeon Crawl Stone Soup version 0.27.1-33-g824d729ab1 (webtiles) character file.

Game seed: 8348913246836032672

966 Descartes the Skirmisher (level 8, -14/59 HPs)
             Began as a Djinni Wanderer on Dec 27, 2021.
             Demolished by a cyclops (18 damage)
             ... on level 6 of the Dungeon.
             The game lasted 00:18:02 (6727 turns).

Descartes the Skirmisher (Djinni Wanderer)          Turns: 6727, Time: 00:18:03

Health: -14/59     AC:  8    Str: 12    XL:     8   Next: 38%
Gold:   314        EV: 12    Int: 18    God:
                   SH:  5    Dex: 13

rFire    + + .     SeeInvis .   B - +1 hand axe (vamp)
rCold    . . .     Faith    .   r - +0 buckler
rNeg     . . .     Spirit   .   g - +0 leather armour
rPois    ∞         Reflect  .   (no helmet)
rElec    +         Harm     .   j - +0 cloak
rCorr    .         Rampage  .   (no gloves)
Will     .....                  (boots unavailable)
Stlth    ++........             (no amulet)
HPRegen  0.19/turn              y - ring of the Will of the Gods {rElec rC+ Int+3}
MPRegen  0.00/turn              q - +4 ring of protection

@: flying
A: sickness immunity, fire resistance 2, cold vulnerability 1, float, innate
caster, hp casting, extra vitality 1
a: no special abilities


You were on level 6 of the Dungeon.
You visited 2 branches of the dungeon, and saw 7 of its levels.

You collected 314 gold pieces.

Inventory:

Hand Weapons
 a - a +2 dagger
 c - a +0 quarterstaff
 m - a +0 dagger of electrocution
 t - the +7 hunting sling of Lust {venom, rN+}
   (You found it on level 4 of the Dungeon)

   Any ammunition fired from it poisons the flesh of those it strikes.
   rN:        It protects you from negative energy.
 z - a +1 falchion of electrocution
 B - a +1 vampiric hand axe (weapon)
Missiles
 d - 26 sling bullets
 o - 126 stones (quivered)
 u - a throwing net
Armour
 e - a +0 robe
 g - a +0 leather armour (worn)
 j - a +0 cloak (worn)
 r - a +0 buckler (worn)
Jewellery
 i - a ring of willpower
 q - a +4 ring of protection (right hand)
 y - the ring of the Will of the Gods (left hand) {rElec rC+ Int+3}
   (You found it on level 5 of the Dungeon)

   [ring of protection from cold]

   Int:       It affects your intelligence (+3).
   rC:        It protects you from cold.
   rElec:     It insulates you from electricity.
Wands
 x - a wand of flame (12)
Scrolls
 b - a scroll of blinking
 f - 4 scrolls of amnesia {unknown}
 h - a scroll of brand weapon {unknown}
 k - a scroll of fog {unknown}
 l - 8 scrolls of identify {unknown}
 n - 2 scrolls of magic mapping {unknown}
 p - 2 scrolls of noise {unknown}
 s - 2 scrolls of teleportation {unknown}
 v - a scroll of vulnerability {unknown}
 w - a scroll of fear {unknown}
 A - a scroll of enchant weapon {unknown}
Potions
 C - a potion of might


   Skills:
 + Level 5.2 Fighting
 - Level 1.0 Long Blades
 - Level 1.0 Crossbows
 - Level 2.0 Armour
 + Level 4.0 Dodging
 - Level 2.4 Stealth
 - Level 4.0 Shields
 + Level 3.6 Spellcasting
 - Level 1.0 Evocations


You had 8 spell levels left.
You knew the following spells:

 Your Spells              Type           Power      Damage    Failure   Level
a - Sandblast             Erth           32%        2d9       4%          1
b - Poisonous Vapours     Pois/Air       32%        N/A       6%          2
c - Confusing Touch       Hex            16%        N/A       13%         3
Your spell library was empty.

Dungeon Overview and Level Annotations

Branches:
Dungeon (6/15)             Temple (1/1) D:4

Altars:
Ashenzari
Cheibriados
Dithmenos
Fedhas
Kikubaaqudgha
Nemelex Xobeh
Okawaru
Qazlal
Ru
Trog
Uskayaw
Vehumet
Wu Jian
Zin
The Shining One

Shops:
D:4 ?


Innate Abilities, Weirdness & Mutations

You are immune to sickness and miasma.
You are immune to poison.
Your flesh is very heat resistant. (rF++)
You are vulnerable to cold. (rC-)
You float through the air rather than walking.
You learn spells naturally, not from books.
Your magical power is your life essence.
You have superior vitality. (+4 HP)


Message History

Aim: a cyclops, quivering large rocks (chance to confuse on hit: 29%, 98% to hit)
The blast of sand hits the cyclops.
The cyclops is lightly wounded.
o - 128 stones
Casting: Sandblast (safe; 4% risk of failure)
Confirm with . or Enter, or press ? or * to list all spells.
Aiming: Sandblast (safe; 4% risk of failure)
Press: ? - help, Shift-Dir - straight line, f/p - cyclops
Aim: a cyclops, quivering large rocks (lightly wounded, chance to confuse on hit: 29%, 98% to hit)
The blast of sand hits the cyclops!
The cyclops is moderately wounded.
o - 127 stones
Casting: Sandblast (safe; 4% risk of failure)
Confirm with . or Enter, or press ? or * to list all spells.
Aiming: Sandblast (safe; 4% risk of failure)
Press: ? - help, Shift-Dir - straight line, f/p - cyclops
Aim: a cyclops, quivering large rocks (moderately wounded, chance to confuse on hit: 29%, 98% to hit)
The blast of sand hits the cyclops.
The cyclops is moderately wounded.
o - 126 stones You hit the cyclops but do no damage.
The cyclops is moderately wounded.
The cyclops hits you but does no damage.
You hit the cyclops but do no damage.
The cyclops is moderately wounded.
The cyclops hits you!
* * * LOW HITPOINT WARNING * * *
You hit the cyclops but do no damage.
The cyclops is moderately wounded.
The cyclops misses you.
Unknown command.
You hit the cyclops but do no damage.
The cyclops is moderately wounded.
The cyclops barely misses you.
Unknown command.
You hit the cyclops but do no damage.
The cyclops is moderately wounded.
Your hands stop glowing.
The cyclops hits you!!
You die...

#..# #...##..##
#### #...#....#
#.... #...##<..#
#....##...##...#
#)........##..##
#.........##..##
#......†.......#
#.....)@.......#
#....##C..##..##
#.. #...##### .
......#
........#
...##....# ...
##+### ..


You could see a cyclops.

Vanquished Creatures
  Maggie (D:6)
  A sky beast (D:5)
  A necrophage (D:5)
  2 scorpions
  A centaur zombie (D:5)
  An orc priest (D:5)
  2 hounds
  A jelly (D:5)
  An orc wizard (D:5)
  A hound skeleton (D:5)
  Robin (D:3)
  4 gnolls
  5 adders
  2 adder skeletons (D:4)
  4 worms
  2 dart slugs
  8 orcs (D:5)
  7 bats
  10 endoplasms
  4 giant cockroaches (D:1)
  16 goblins
  7 hobgoblins
  A quokka (D:3)
  6 ball pythons
  A frilled lizard (D:3)
  3 kobolds
  3 rats
96 creatures vanquished.

Notes
Turn   | Place    | Note
-------+----------+-------------------------------------------
     0 | D:1      | Descartes the Djinni Wanderer began the quest for the Orb.
     0 | D:1      | Reached XP level 1. HP: 15/15 MP: 0/0
   553 | D:1      | Reached skill level 1 in Fighting
   553 | D:1      | Reached XP level 2. HP: 22/22 MP: 0/0
   689 | D:1      | Reached skill level 1 in Spellcasting
   782 | D:1      | Reached XP level 3. HP: 10/27 MP: 0/0
   782 | D:1      | Learned a level 1 spell: Sandblast
  1656 | D:2      | Found an iron altar of Okawaru.
  1925 | D:2      | Reached skill level 2 in Fighting
  2168 | D:2      | Found a faded altar of an unknown god.
  2453 | D:3      | Reached XP level 4. HP: 33/33 MP: 0/0
  2618 | D:3      | Noticed Robin
  2823 | D:3      | Reached skill level 1 in Shields
  3102 | D:3      | Found a broken altar of Ashenzari.
  3285 | D:4      | Found a bloodstained altar of Trog.
  3288 | D:4      | Found a sparkling altar of Nemelex Xobeh.
  3290 | D:4      | Found a blossoming altar of Fedhas.
  3387 | D:4      | Identified the +7 hunting sling of Lust {venom, rN+}
  3456 | D:4      | Found a staircase to the Ecumenical Temple.
  3474 | Temple   | Entered the Ecumenical Temple
  3664 | D:4      | Reached XP level 5. HP: 35/39 MP: 0/0
  3664 | D:4      | Learned a level 2 spell: Poisonous Vapours
  3815 | D:3      | Killed Robin
  4421 | D:4      | Reached skill level 3 in Fighting
  4584 | D:4      | Reached XP level 6. HP: 45/46 MP: 0/0
  5071 | D:4      | Found Siera's Magic Scroll Emporium.
  5210 | D:5      | Entered Level 5 of the Dungeon
  5239 | D:5      | Identified the ring of the Will of the Gods {rElec rC+
                  | Int+3}
  5430 | D:5      | Found a stormy altar of Qazlal.
  5577 | D:5      | Reached XP level 7. HP: 46/51 MP: 0/0
  5577 | D:5      | Learned a level 3 spell: Confusing Touch
  5652 | D:5      | Reached skill level 4 in Fighting
  6558 | D:6      | Noticed Maggie
  6610 | D:6      | Killed Maggie
  6611 | D:6      | Reached skill level 5 in Fighting
  6611 | D:6      | Reached XP level 8. HP: 8/59 MP: 0/0
  6718 | D:6      | Noticed a cyclops
  6727 | D:6      | Demolished by a cyclops

Illustrated notes

Levels and vault maps discovered:
D:1:      erik_arrival_orb_chamber, layout_loops_corners
D:2:      layout_loops_cross, hellmonk_ecumenical_altar_prayer_group,
          basic_altar
D:3:      layout_rooms, nicolae_ashenzari_skybound, uniq_robin
D:4:      layout_basic, grunt_temple_overflow_open, minmay_temple_entry_ruins,
          serial_shops, shop, chequers_serial_rivers_small_3,
          minmay_statues_item
D:5:      layout_gridville, grunt_qazlal_sundering
D:6:      layout_gridville, uniq_edmund, uniq_maggie, uniq_menkaure
Temple:   eino_wide_crystal_templ

Skill      XL: |  1  2  3  4  5  6  7 |
---------------+----------------------+-----
Fighting       | 1 2 3 5 |  5.2
Spellcasting   | 1 2 3 |  3.6
Shields        | 1 2 3 4 |  4.0
Dodging        | 4 |  4.0
Long Blades    | |  1.0
Crossbows      | |  1.0
Armour         | |  2.0
Stealth        | |  2.4
Evocations     | |  1.0

Action                   |  1- 3 |  4- 6 |  7- 9 || total
-------------------------+-------+-------+-------++-------
Melee: Dagger            |    76 |   105 |    32 ||   213
       Hand axe          |       |       |    37 ||    37
 Cast: Sandblast         |     9 |    72 |    29 ||   110
       Poisonous Vapours |       |    20 |     8 ||    28
       Confusing Touch   |       |       |     1 ||     1
  Use: Potion            |       |     2 |     2 ||     4
 Stab: Sleeping          |     5 |     1 |       ||     6
Armor: Leather armour    |    29 |    58 |    18 ||   105
       Skin              |       |       |     3 ||     3
Dodge: Dodged            |    26 |    87 |    36 ||   149
Block: Buckler           |     5 |    18 |    19 ||    42
